Map: 2000 Atmospheres LE

Players

Dark

  • Race: Zerg Zerg

MaxPax - Winner!

  • Race: Protoss Protoss
  • League: Master

Event: ASUS ROG Fall 2021

VOD

Have the link to the VOD?

Description

Time

  • Played on: Sept. 18, 2021, 7:40 a.m.
  • Length: 12:28

All games in this series

Show
View Real Time Build Order
Export as new Build Order

Dark Zerg 

Build Orders: Hatch First 

Get SALT Encoding   

  12  0:00  Drone  
  13  0:12  Overlord  
  13  0:16  Drone  
  14  0:30  Drone  
  14  0:31  Drone  
  16  0:35  Drone  
  17  0:52  Hatchery  
  17  0:55  Drone  
  17  1:00  Drone  
  18  1:10  Extractor  
  17  1:15  Spawning Pool  
  17  1:18  Drone  
  17  1:19  Drone  
  18  1:28  Drone  
  19  1:38  Drone  
  20  1:47  Hatchery  
  20  1:51  Drone  
  20  2:01  Zergling x2  
  20  2:06  Queen, Drone  
  24  2:13  Metabolic Boost  
  24  2:20  Drone  
  24  2:22  Overlord  
  25  2:27  Drone  
  25  2:29  Drone  
  27  2:34  Zergling x2  
  28  2:40  Queen  
  28  2:42  Zergling x2  
  28  2:43  Zergling x2  
  32  2:50  Queen  
  34  3:00  Overlord  
  34  3:04  Spore Crawler  
  32  3:06  Drone x3  
  32  3:08  Drone  
  32  3:09  Drone x2  
  39  3:16  Queen  
  41  3:20  Drone x2  
  41  3:25  Spore Crawler  
  42  3:28  Spore Crawler  
  42  3:29  Drone  
  42  3:31  Drone  
  42  3:33  Drone  
  44  3:35  Drone  
  44  3:38  Zergling x2  
  46  3:46  Drone, Overlord  
  47  3:52  Drone x2  
  48  3:56  Drone x2  
  48  4:06  Zergling x6  
  48  4:07  Drone  
  48  4:08  Drone x3  
  48  4:09  Drone  
  55  4:11  Queen  
  55  4:16  Overlord  
  57  4:17  Drone  
  57  4:20  Overlord  
  57  4:22  Spore Crawler  
  57  4:29  Extractor  
  57  4:30  Lair  
  56  4:33  Roach Warren  
  56  4:34  Overlord  
  56  4:35  Drone x3  
  58  4:42  Zergling x6  
  58  4:43  Drone x2  
  63  4:49  Drone x3  
  65  4:57  Zergling x4  
  65  4:59  Drone x3  
  69  5:00  Drone x2  
  69  5:02  Drone  
  71  5:19  Drone x3  
  73  5:21  Drone  
  73  5:24  Overlord x2  
  73  5:27  Overlord  
  74  5:31  Overlord  
  74  5:32  Queen  
  74  5:33  Zergling x2, Extractor  
  74  5:34  Zergling x2, Extractor  
  74  5:35  Zergling x2  
  73  5:37  Drone  
  73  5:40  Zergling x2  
  73  5:42  Drone  
  73  5:43  Drone x5  
  73  5:46  Drone x3, Extractor  
  73  5:47  Extractor  
  73  5:49  Drone x3  
  82  5:50  Drone x2  
  82  5:53  Spire  
  82  5:55  Zergling x2  
  84  5:58  Glial Reconstitution  
  83  6:04  Evolution Chamber  
  83  6:07  Drone x2  
  84  6:13  Drone  
  84  6:14  Zergling x6  
  88  6:19  Drone  
  88  6:22  Roach x3  
  88  6:23  Roach x2  
  98  6:25  Queen  
  98  6:29  Queen  
  100  6:36  Drone x2  
  100  6:38  Queen  
  100  6:39  Drone x2  
  106  6:42  Overlord x2  
  106  6:46  Overlord  
  105  7:07  Mutalisk x10  
  124  7:14  Drone  
  124  7:18  Hatchery  
  124  7:19  Queen x2  
  124  7:20  Queen  
  124  7:22  Overlord  
  129  7:23  Zerg Missile Weapons Level 1  
  129  7:25  Overlord  
  129  7:28  Overlord  
  129  7:41  Overlord  
  129  7:43  Roach x5  
  129  7:44  Roach x3  
  142  7:46  Roach  
  142  7:48  Roach  
  142  7:50  Roach  
  149  7:52  Roach x2  
  153  7:58  Queen x2  
  153  8:00  Roach x2  
  159  8:10  Roach x3  
  159  8:11  Overlord  
  160  8:16  Overlord  
  150  8:22  Roach x2  
  150  8:23  Roach  
  150  8:25  Queen  
  150  8:27  Roach  
  157  8:28  Overlord x2  
  157  8:29  Overlord  
  157  8:32  Overlord  
  157  8:34  Queen  
  157  8:35  Roach x2  
  157  8:36  Roach x3  
  161  8:44  Roach x4  
  161  8:46  Ravager x6  
  161  8:47  Ravager x2  
  177  8:49  Ravager x2  
  177  8:52  Zergling x4  
  177  8:55  Zergling x6  
  184  9:00  Ravager x2  
  184  9:02  Zergling x4  
  188  9:09  Zergling x6  
  191  9:15  Ravager x2  
  181  9:25  Roach x2  
  167  9:33  Roach x8  
  167  9:34  Roach  
  167  9:35  Roach x4  
  178  9:38  Queen  
  178  9:39  Queen  
  178  9:45  Queen  
  169  9:52  Queen  
  155  10:06  Drone x3  
  148  10:08  Overseer  
  146  10:14  Queen x2  
  146  10:20  Queen  
  140  10:28  Queen  
  127  10:29  Corruptor x6  
  127  10:33  Drone x4  
  127  10:35  Extractor  
  135  10:44  Corruptor x2  
  137  10:50  Queen x2  
  137  10:52  Corruptor x2  
  143  11:06  Corruptor x3  
  137  11:12  Queen x2  
  137  11:15  Zergling x10  
  125  11:29  Corruptor x3  
  125  11:32  Zergling x4  
  113  11:39  Corruptor x3  
  106  11:45  Corruptor  
  106  11:47  Queen x2  
  104  11:54  Spore Crawler  
  91  11:55  Spore Crawler  
  90  12:08  Drone x4  
Show
View Real Time Build Order
Export as new Build Order

MaxPax Protoss - Winner!

Build Orders: 1 Gate Expand, Oracle Opening 

Get SALT Encoding   

  12  0:00  Probe  
  13  0:12  Probe  
  14  0:19  Pylon  
  14  0:24  Probe  
  15  0:37  Probe (Chrono Boost)  
  15  0:39  Gateway  
  16  0:48  Probe (Chrono Boost)  
  16  0:49  Assimilator  
  17  0:53  Probe (Chrono Boost)  
  18  1:03  Probe  
  19  1:15  Probe  
  20  1:27  Nexus  
  20  1:39  Cybernetics Core  
  20  1:40  Probe  
  20  1:45  Assimilator  
  21  1:52  Probe  
  22  1:55  Pylon  
  22  2:04  Probe  
  23  2:14  Adept (Chrono Boost)  
  23  2:16  Probe  
  23  2:19  Stargate  
  26  2:27  Warp Gate  
  26  2:28  Probe  
  27  2:35  Adept (Chrono Boost)  
  27  2:39  Probe  
  27  2:41  Probe  
  31  2:51  Probe  
  31  2:53  Probe  
  31  2:56  Adept  
  35  3:03  Oracle (Chrono Boost), Probe  
  39  3:12  Probe  
  40  3:15  Probe  
  41  3:21  Pylon  
  41  3:24  Probe  
  42  3:27  Gateway  
  42  3:28  Probe  
  42  3:31  Void Ray (Chrono Boost)  
  43  3:36  Probe  
  43  3:40  Probe  
  49  3:48  Probe  
  49  3:52  Probe  
  51  4:01  Nexus  
  51  4:02  Pylon, Probe  
  52  4:04  Probe  
  51  4:13  Pylon  
  51  4:14  Probe, Assimilator  
  51  4:15  Assimilator  
  51  4:16  Probe  
  53  4:25  Stargate  
  53  4:26  Probe  
  54  4:33  Adept, Pylon  
  54  4:35  Probe  
  54  4:36  Shield Battery  
  54  4:37  Void Ray (Chrono Boost)  
  58  4:38  Probe  
  58  4:39  Protoss Air Weapons Level 1  
  58  4:48  Pylon  
  58  4:51  Probe x2  
  64  5:03  Probe x2  
  66  5:07  Void Ray (Chrono Boost)  
  66  5:14  Void Ray (Chrono Boost)  
  70  5:15  Probe x2  
  70  5:19  Probe  
  73  5:23  Adept  
  73  5:27  Probe x2  
  81  5:31  Probe  
  81  5:33  Adept  
  84  5:39  Shield Battery, Probe x2  
  84  5:41  Void Ray (Chrono Boost)  
  82  5:43  Probe  
  82  5:48  Robotics Facility  
  87  5:51  Probe x2  
  87  5:55  Probe  
  90  6:02  Pylon  
  90  6:03  Probe x2  
  90  6:04  Assimilator  
  92  6:07  Probe, Assimilator  
  92  6:09  Pylon  
  93  6:13  Pylon  
  93  6:14  Void Ray  
  93  6:17  Forge  
  93  6:20  Probe x2, Fleet Beacon  
  93  6:23  Probe  
  100  6:30  Void Ray  
  100  6:32  Adept x2  
  100  6:33  Probe  
  100  6:34  Probe  
  100  6:38  Probe  
  107  6:45  Probe  
  108  6:51  Robotics Bay  
  108  6:53  Photon Cannon  
  108  6:54  Photon Cannon x2  
  108  7:10  Phoenix  
  108  7:12  Flux Vanes  
  108  7:13  Phoenix  
  108  7:14  Adept x2  
  116  7:27  Stargate  
  116  7:30  Nexus  
  116  7:32  Twilight Council  
  116  7:33  Pylon  
  116  7:34  Gateway, Probe  
  116  7:35  Pylon  
  116  7:36  Gateway  
  117  7:38  Gateway  
  117  7:47  Probe  
  117  7:51  Disruptor, Phoenix x2 (Chrono Boost)  
  116  7:52  Pylon x2  
  116  7:56  Photon Cannon  
  121  7:58  Photon Cannon  
  121  8:00  Stalker x2  
  121  8:02  Pylon  
  124  8:11  Void Ray x2 (Chrono Boost)  
  123  8:13  Probe  
  123  8:14  Probe  
  123  8:20  Probe  
  123  8:25  Probe  
  125  8:29  Charge  
  125  8:30  Void Ray (Chrono Boost)  
  125  8:33  Probe  
  128  8:42  Templar Archives  
  128  8:44  Shield Battery  
  128  8:45  Gateway  
  128  8:46  Pylon  
  128  8:48  Assimilator  
  128  8:57  Zealot x4  
  128  8:58  Zealot  
  128  8:59  Disruptor (Chrono Boost)  
  138  9:09  Shield Battery  
  139  9:10  Shield Battery  
  139  9:11  Shield Battery  
  139  9:14  Tempest  
  143  9:17  Tempest  
  143  9:23  Zealot x2  
  147  9:37  Disruptor  
  147  9:39  Zealot x3  
  147  9:40  Void Ray  
  147  9:44  Probe  
  149  9:46  Probe  
  131  9:54  Zealot x3  
  127  10:01  Tempest  
  127  10:03  Void Ray  
  124  10:08  Protoss Air Weapons Level 2  
  125  10:15  Zealot  
  125  10:17  Probe x3  
  127  10:22  Void Ray  
  119  10:29  Probe x2 (Chrono Boost)  
  119  10:30  Probe (Chrono Boost)  
  119  10:34  Assimilator  
  122  10:39  Probe (Chrono Boost)  
  122  10:40  Probe (Chrono Boost), Photon Cannon  
  122  10:41  Probe (Chrono Boost)  
  125  10:50  Zealot x2  
  125  10:52  Observer (Chrono Boost)  
  125  10:53  Void Ray  
  130  11:00  Void Ray  
  120  11:15  Void Ray  
  120  11:16  Zealot x2  
  120  11:17  Zealot  
  121  11:25  Zealot  
  121  11:32  Probe  
  112  11:33  Probe  
  112  11:37  Zealot x2  
  101  11:43  Void Ray  
  92  11:54  Zealot  
  97  11:55  Zealot  
  93  12:06  Probe  
  93  12:07  Probe  
  91  12:10  Probe  
Tags
 
Add a new tag
Caveats
  • Supply blocks, unpowered buildings, or Contaminate may cause inaccurate times.
  • Supply counts are checked every 10 seconds.